 Dungeon Crawl Stone Soup version 0.30.0-29-ga12c61a403 (webtiles) character file.

Game seed: 14391562276044883909

410 Fodor the Covered (level 6, -1/56 HPs)
             Began as a Minotaur Fighter on June 14, 2023.
             Killed by divine providence
             ... invoked by an orc priest
              (11 damage)
             ... on level 4 of the Dungeon.
             The game lasted 00:20:18 (4462 turns).

Fodor the Covered (Minotaur Fighter)                Turns: 4462, Time: 00:20:19

Health: -1/56      AC: 10    Str: 31    XL:     6   Next: 58%
Magic:  5/5        EV: 10    Int: 10    God:
Gold:   198        SH:  4    Dex:  9    Spells: 5/5 levels left

rFire   . . .        y - +2 war axe (elec)
rCold   . . .        c - +0 buckler
rNeg    . . .        z - +3 scale mail of Midwinter {Str+2 Int+5}
rPois   .            (helmet restricted)
rElec   .            (no cloak)
rCorr   .            (no gloves)
SInv    .            (no boots)
Will    +....        (no amulet) Stlth
                     n - ring of willpower
HPRegen 0.29/turn    x - +6 ring of strength
MPRegen 0.09/turn

%: no passive effects
@: no status effects
A: horns 2, retaliatory headbutt
a: no special abilities


You were on level 4 of the Dungeon.
You visited 1 branch of the dungeon, and saw 4 of its levels.

You collected 198 gold pieces.

Inventory:

Hand Weapons
 a - a +0 long sword
 y - a +2 war axe of electrocution (weapon)
Missiles
 i - 11 poisoned darts
 j - a stone (quivered)
Armour
 c - a +0 buckler (worn)
 z - the +3 scale mail of Midwinter (worn) {Str+2 Int+5}
   (You found it on level 3 of the Dungeon)

   Str:       It affects your strength (+2).
   Int:       It affects your intelligence (+5).
Jewellery
 n - a ring of willpower (left hand)
 q - a ring of magical power
 x - a +6 ring of strength (right hand)
Scrolls
 k - a scroll of amnesia
 m - 3 scrolls of teleportation
 o - a scroll of silence {unknown}
 u - a scroll of blinking {unknown}
 v - 2 scrolls of vulnerability
 w - a scroll of poison {unknown}
 A - a scroll of enchant armour {unknown}
Potions
 b - 2 potions of brilliance {unknown}
 d - a potion of might
 e - 3 potions of resistance
 f - a potion of cancellation {unknown}
 g - 2 potions of haste {unknown}
 h - a potion of attraction {unknown}
 l - 4 potions of heal wounds {unknown}
 p - a potion of berserk rage {unknown}
 r - 2 potions of flight {unknown}
 s - a potion of curing {unknown}
 t - a potion of degeneration {unknown}


   Skills:
 + Level 5.0 Fighting
 + Level 4.1 Long Blades
 + Level 1.2(1.7) Axes
 + Level 1.8(2.0) Maces & Flails
 + Level 2.1 Throwing
 + Level 5.2 Armour
 + Level 1.8 Dodging
 + Level 4.4 Shields


You had 5 spell levels left.
You didn't know any spells.
Your spell library contained the following spells:

 Spells                   Type           Power      Damage    Failure   Level
 Summon Small Mammal      Summ           0%         N/A       65%         1
 Call Canine Familiar     Summ           0%         N/A       95%         3
 Summon Guardian Golem    Hex/Summ       0%         N/A       95%         3


Dungeon Overview and Level Annotations

Branches:
Dungeon (4/15)
 Temple: D:4-7

Altars:

Shops:
D:4 (:


Innate Abilities, Weirdness & Mutations

You have a pair of horns on your head.
You reflexively headbutt those who attack you in melee.


Message History

You hit the ogre.
The ogre is lightly wounded.
The ogre hits you with a +0 giant club.
You barely miss the ogre.
The ogre is lightly wounded.
The ogre barely misses you.
You hit the ogre.
The ogre is moderately wounded.
The ogre closely misses you.
You hit the ogre.
The ogre is moderately wounded.
The ogre hits you with a +0 giant club.
You barely miss the ogre. You headbutt the ogre.
The ogre is heavily wounded.
The orc priest begins to cast a cantrip, but forgets the words!
The ogre barely misses you.
You hit the ogre.
The ogre is severely wounded.
The ogre hits you with a +0 giant club!!
You hit the ogre. Your headbutt misses the ogre.
The ogre is severely wounded.
The ogre hits you with a +0 giant club!
* * * LOW HITPOINT WARNING * * *
You slash the ogre! Lightning courses through the ogre!
You kill the ogre!
Your Fighting skill increases to level 5!
Your Axes skill increases to level 1!
You slash the orc priest!
The orc priest is severely wounded.
The orc priest completely misses you. The orc priest hits you with a +0 club.
* * * LOW HITPOINT WARNING * * *
You barely miss the orc priest.
The orc priest is severely wounded.
The orc priest hits you with a +0 club.
* * * LOW HITPOINT WARNING * * *
You closely miss the orc priest.
The orc priest is severely wounded.
The orc priest mumbles some strange prayers to Beogh against you.
Beogh smites you!
You die...

.........#
#........#
#......!.#
#........# #'# #.#
#.# #o# #@# #.#
######.# #......#
###########......#
........†.).....>#
######....#......#
##..###......#
####..≈≈.≈≈.....#


You could see an orc priest.

Vanquished Creatures
  An ogre (D:4)
  A kobold brigand (D:4)
  A scorpion (D:4)
  2 iguanas (D:4)
  An orc wizard (D:4)
  5 adders
  A worm (D:4)
  2 dart slugs
  9 orcs
  5 bats
  8 endoplasms
  A giant cockroach (D:3)
  6 goblins
  4 hobgoblins
  5 quokkas
  4 ball pythons
  3 frilled lizards
  6 kobolds
  6 rats
71 creatures vanquished.

Notes
Turn   | Place    | Note
-------+----------+-------------------------------------------
     0 | D:1      | Fodor the Minotaur Fighter began the quest for the Orb.
     0 | D:1      | Reached XP level 1. HP: 19/19 MP: 0/0
   516 | D:1      | Reached XP level 2. HP: 26/27 MP: 1/1
  1650 | D:2      | Reached XP level 3. HP: 31/33 MP: 2/2
  2752 | D:3      | Reached skill level 1 in Dodging
  2752 | D:3      | Reached XP level 4. HP: 41/41 MP: 3/3
  2765 | D:3      | Identified the +3 scale mail of Midwinter {Str+2 Int+5}
  3425 | D:4      | Reached skill level 1 in Throwing
  3596 | D:4      | Noticed a scorpion
  3601 | D:4      | Killed a scorpion
  3602 | D:4      | Reached XP level 5. HP: 43/47 MP: 4/4
  3829 | D:4      | Found Diumaf's Weapon Shoppe.
  4036 | D:4      | Found Qosmih's Self-Improvement Boutique.
  4287 | D:4      | Reached skill level 1 in Maces & Flails
  4287 | D:4      | Reached skill level 5 in Armour
  4287 | D:4      | Reached XP level 6. HP: 21/55 MP: 5/5
  4460 | D:4      | Reached skill level 5 in Fighting
  4460 | D:4      | Reached skill level 1 in Axes
  4462 | D:4      | Killed from afar by an orc priest

Illustrated notes

Levels and vault maps discovered:
D:1:      ebering_trefoil_twist, layout_basic
D:2:      layout_basic, minmay_pentomino_q2
D:3:      layout_basic, wad_floor_pattern_2
D:4:      layout_basic, serial_shops, shop, nicolae_shop_self_help

Skill      XL: |  1  2  3  4  5  6 |
---------------+-------------------+-----
Fighting       | 4 5 |  5.0
Shields        | 4 |  4.4
Armour         | 4 5 |  5.2
Long Blades    | 3 4 |  4.1
Dodging        | 1 |  1.8
Throwing       | 1 2 |  2.1
Maces & Flails | 1 |  1.8
Axes           | 1 |  1.2

Action                     |  1- 3 |  4- 6 || total
---------------------------+-------+-------++-------
  Melee: Long sword        |    86 |    36 ||   122
         Headbutt          |    11 |    12 ||    23
         Flail             |       |    29 ||    29
         War axe           |       |    20 ||    20
  Throw: Dart              |    16 |     4 ||    20
         Stone             |     1 |    17 ||    18
    Use: Scroll            |     2 |     2 ||     4
 Armour: Scale mail        |    28 |    37 ||    65
         Chain mail        |    16 |       ||    16
  Dodge: Dodged            |    34 |    33 ||    67
  Block: Buckler           |    17 |    22 ||    39
